 Dungeon Crawl Stone Soup version 0.29.1-15-g9cfb28693d (webtiles) character file.

Game seed: 13494218236172203607

119 MacCMillion the Chopper (level 5, -1/46 HPs)
             Began as a Hill Orc Fighter on Feb 28, 2023.
             Succumbed to a centaur's poison
             ... on level 3 of the Dungeon.
             The game lasted 00:03:10 (2402 turns).

MacCMillion the Chopper (Hill Orc Fighter)          Turns: 2402, Time: 00:03:10

Health: -1/46      AC:  8    Str: 18 (21) XL:     5   Next: 3%
Magic:  5/5        EV:  9    Int:  6 (8)  God:
Gold:   89         SH:  4    Dex:  8 (10) Spells: 4/4 levels left

rFire   . . .      SeeInvis .   a - +0 war axe
rCold   . . .      Faith    .   c - +0 buckler
rNeg    . . .      Spirit   .   b - +0 scale mail
rPois   .          Reflect  .   p - +0 helmet
rElec   .          Harm     .   (no cloak)
rCorr   .          Rampage  .   (no gloves)
Will    .....                   (no boots)
Stlth   ..........              o - amulet of regeneration
HPRegen 0.95/turn               (no ring)
MPRegen 0.09/turn               (no ring)

@: brilliant, lethally poisoned (-1 -> -34)
A: no striking features
a: no special abilities


You were on level 3 of the Dungeon.
You visited 1 branch of the dungeon, and saw 3 of its levels.

You collected 89 gold pieces.

Inventory:

Hand Weapons
 a - a +0 war axe (weapon)
Armour
 b - a +0 scale mail (worn)
 c - a +0 buckler (worn)
 p - a +0 helmet (worn)
Jewellery
 m - a ring of ice
 o - an amulet of regeneration (around neck)
Wands
 j - a wand of digging (8)
Scrolls
 g - 3 scrolls of immolation {unknown}
 i - 3 scrolls of identify {unknown}
 q - a scroll of teleportation {unknown}
 s - a scroll of fear {unknown}
 t - a scroll of noise {unknown}
Potions
 d - 2 potions of might
 f - a potion of attraction {unknown}
 h - a potion of berserk rage {unknown}
 k - a potion of magic {unknown}
 l - a potion of curing {unknown}
 n - a potion of lignification {unknown}
 r - a potion of brilliance


   Skills:
 + Level 4.0 Fighting
 * Level 5.8 Axes
 - Level 3.2 Armour
 - Level 4.0 Shields


You had 4 spell levels left.
You didn't know any spells.
Your spell library contained the following spells:

 Spells                   Type           Power      Damage    Failure   Level
 Blink                    Tloc           0%         N/A       97%         2
 Lesser Beckoning         Tloc           0%         N/A       99%         3
 Manifold Assault         Tloc           0%         N/A       100%        5


Dungeon Overview and Level Annotations

Branches:
Dungeon (3/15)

Altars:
Hepliaklqana
Sif Muna


Message History

The centaur hits you but does no damage.
You are poisoned.
You block the centaur's attack.
The centaur hits you but does no damage.
The centaur kicks you but does no damage.
Unknown command.
You closely miss the centaur.
You feel very sick.
An adder comes into view.
The centaur closely misses you. The centaur kicks you.
The adder moves out of view.
You closely miss the centaur.
You feel sick. The centaur barely misses you. You block the centaur's attack.
The centaur hits you with a +2 dagger of venom.
You are more poisoned.
The centaur kicks you but does no damage.
You barely miss the centaur.
You feel very sick.
The centaur hits you with a +2 dagger of venom.
You are more poisoned.
The centaur barely misses you.
The centaur hits you with a +2 dagger of venom.
You are lethally poisoned!
The centaur kicks you but does no damage.
It was a potion of brilliance.
You feel clever all of a sudden.
* * * LOW HITPOINT WARNING * * *
You feel very sick.
The centaur hits you with a +2 dagger of venom.
* * * LOW HITPOINT WARNING * * *
You are more poisoned.
The centaur barely misses you.
A frilled lizard comes into view.
The centaur hits you but does no damage.
You are more poisoned.
The centaur kicks you but does no damage.
It was a potion of degeneration.
There was something very wrong with that liquid.
You feel weakened.
You feel dopey.
You feel clumsy.
You die...

#. ## .. ##.# ##
## ...# ##. ..# ##
#.l ..## #. #Sc##
#..# ####. #.@##
#..# #....
#..##...###..#
....
#........)...#
...#
#.#.....####.#####
#.##
#...##...........#
#.## ###.
###########.###.##
# ##.#.....
###....###.
#.....## #.


You could see a centaur, an adder and a frilled lizard (wandering).

Vanquished Creatures
  Robin (D:2)
  2 adders (D:3)
  4 dart slugs
  An orc (D:3)
  5 endoplasms (D:1)
  4 giant cockroaches
  15 goblins
  11 hobgoblins
  4 jackals (D:1)
  9 kobolds
  2 quokkas (D:1)
  4 ball pythons
  6 bats
  3 frilled lizards
  A rat (D:1)
72 creatures vanquished.

Vanquished Creatures (others)
  6 fungi (D:3)
  4 plants (D:3)
10 creatures vanquished.

Grand Total: 82 creatures vanquished

Notes
Turn   | Place    | Note
-------+----------+-------------------------------------------
     0 | D:1      | MacCMillion the Hill Orc Fighter began the quest for the
                  | Orb.
     0 | D:1      | Reached XP level 1. HP: 19/19 MP: 1/1
    21 | D:1      | Reached skill level 3 in Axes
    71 | D:1      | Reached XP level 2. HP: 22/26 MP: 2/2
   548 | D:1      | Reached XP level 3. HP: 31/31 MP: 3/3
   633 | D:1      | Reached skill level 4 in Axes
  1246 | D:2      | Found a shimmering blue altar of Sif Muna.
  1784 | D:3      | Reached XP level 4. HP: 36/39 MP: 4/4
  1792 | D:2      | Reached skill level 5 in Axes
  1798 | D:3      | Noticed Robin
  1910 | D:2      | Killed Robin
  2343 | D:3      | Found a hazy altar of Hepliaklqana.
  2391 | D:3      | Reached XP level 5. HP: 46/46 MP: 5/5
  2395 | D:3      | Noticed a centaur
  2402 | D:3      | Succumbed to a centaur's poison

Illustrated notes

Levels and vault maps discovered:
D:1:      evilmike_arrival_crescent, layout_loops_cross, hangedman_decor_lopped
D:2:      layout_loops_ring, basic_altar, minmay_fountain_box
D:3:      layout_loops_ring, old_standard_altar,
          dreamdust_ecumenical_altar_hidden_monk_grotto,
          chequers_serial_rivers_small_a, minmay_cupped, uniq_robin

Skill      XL: |  1  2  3  4  5 |
---------------+----------------+-----
Axes           | 3 4 5 |  5.8
Shields        | 4 |  4.0
Fighting       | 4 |  4.0
Armour         | |  3.2

Action                   |  1- 3 |  4- 6 || total
-------------------------+-------+-------++-------
Melee: War axe           |   139 |    56 ||   195
  Use: Potion            |       |     2 ||     2
Armor: Scale mail        |    68 |    40 ||   108
Dodge: Dodged            |    73 |    33 ||   106
Block: Buckler           |    19 |    15 ||    34
